 Dungeon Crawl Stone Soup version 0.29.1-12-g30fa7ad0bf (webtiles) character file.

Game seed: 13465934968003868465

55 KittyFluff the Trooper (level 3, 0/36 HPs)
             Began as a Gargoyle Berserker on Jan 8, 2023.
             Was a Follower of Trog.
             Slain by an ice beast (1 damage)
             ... on level 3 of the Dungeon.
             The game lasted 00:06:37 (1690 turns).

KittyFluff the Trooper (Gargoyle Berserker)         Turns: 1690, Time: 00:06:37

Health: 0/36       AC:  5    Str: 26    XL:     3   Next: 93%
Magic:  3/3        EV: 12    Int:  7    God:    Trog [*.....]
Gold:   117        SH:  0    Dex: 11    Spells: 2/2 levels left

rFire   . . .      SeeInvis .   a - +0 mace
rCold   . . .      Faith    .   (no shield)
rNeg    + . .      Spirit   .   b - +0 animal skin
rPois   ∞          Reflect  .   (no helmet)
rElec   +          Harm     .   (no cloak)
rCorr   .          Rampage  .   (no gloves)
Will    .....                   (no boots)
Stlth   ..........              (no amulet)
HPRegen 0.12/turn               j - +6 ring of strength
MPRegen 0.08/turn               (no ring)

@: berserking, very quick
A: sickness immunity, AC +3, negative energy resistance 1, electricity
resistance, torment resistance 1, petrification resistance
a: Renounce Religion, Berserk


You were on level 3 of the Dungeon.
You worshipped Trog.
Trog was aware of your devotion.
You visited 1 branch of the dungeon, and saw 3 of its levels.

You collected 117 gold pieces.

Inventory:

Hand Weapons
 a - a +0 mace (weapon)
 r - a +0 sling
Missiles
 d - 50 stones (quivered)
 k - 5 curare-tipped darts
 q - 6 poisoned darts
Armour
 b - a +0 animal skin (worn)
 m - a +0 leather armour
 n - a +0 ring mail
 s - a +0 tower shield
Jewellery
 j - a +6 ring of strength (left hand)
 o - an amulet of magic regeneration
Scrolls
 h - 2 scrolls of teleportation
 t - a scroll of magic mapping
 u - a scroll of brand weapon
Potions
 c - a potion of heal wounds
 e - 3 potions of curing {unknown}
 f - 3 potions of attraction {unknown}
 i - a potion of ambrosia {unknown}
 l - a potion of flight {unknown}
 p - 3 potions of degeneration {unknown}


   Skills:
 + Level 3.7 Fighting
 + Level 3.3 Maces & Flails
 * Level 3.3 Armour
 + Level 2.0 Dodging
 + Level 0.0 Shields


You had 2 spell levels left.
You didn't know any spells.
Your spell library was empty.

Dungeon Overview and Level Annotations

Branches:
Dungeon (3/15)

Altars:

Shops:
D:1 (?(


Innate Abilities, Weirdness & Mutations

You are immune to sickness and miasma.
Your stone body is resilient. (AC +3)
You are immune to poison.
You resist negative energy. (rN+)
You are resistant to electric shocks. (rElec)
You are resistant to unholy torment.
You are immune to petrification.


Message History

You feel strangely unstable.
It was a scroll of teleportation.
Your surroundings suddenly seem different.
Okay, then.
As you read the scroll labelled ZEOFYR ELI ABB, it crumbles to dust.
It is a scroll of identify.
c - a potion of heal wounds
As you read the scroll of identify, it crumbles to dust.
t - a scroll of magic mapping
As you read the scroll of identify, it crumbles to dust.
u - a scroll of brand weapon
There is a stone staircase leading down here.
There is a stone staircase leading down here.
You climb downwards.
There is a stone staircase leading up here.
Found 5 stones.
d - 50 stones (gained 5)
An ice beast comes into view.
The ice beast hits you but does no damage.
You barely miss the ice beast. The ice beast barely misses you.
You hit the ice beast.
The ice beast is moderately wounded.
The ice beast misses you.
You closely miss the ice beast.
The ice beast is moderately wounded.
The ice beast barely misses you.
You hit the ice beast but do no damage.
The ice beast is moderately wounded.
The ice beast completely misses you. The ice beast hits you.
The ice beast freezes you!
Ouch! That really hurt!
A red film seems to cover your vision as you go berserk!
You feel yourself moving faster!
You feel mighty! The ice beast hits you. The ice beast freezes you!
* * * LOW HITPOINT WARNING * * *
You hit the ice beast but do no damage.
The ice beast is moderately wounded.
You hit the ice beast.
The ice beast is moderately wounded.
The ice beast hits you.
You die...

### #.#
###################.#
#.....Y@............#
#.#################.#
#.# #.# #.# #.# #.#
#.# #.#


You could see an ice beast.

Vanquished Creatures
  2 adders (D:2)
  A worm (D:2)
  A dart slug (D:2)
  3 ball pythons (D:1)
  2 endoplasms
  3 goblins (D:1)
  3 hobgoblins
  A quokka (D:2)
  5 bats
  5 frilled lizards
  4 kobolds
  A rat (D:2)
31 creatures vanquished.

Notes
Turn   | Place    | Note
-------+----------+-------------------------------------------
     0 | D:1      | KittyFluff the Gargoyle Berserker began the quest for the
                  | Orb.
     0 | D:1      | Reached XP level 1. HP: 14/14 MP: 1/1
     5 | D:1      | Found Wann's Magic Scroll Shop.
   608 | D:1      | Reached XP level 2. HP: 19/19 MP: 2/2
   892 | D:1      | Found Juhenawip's Antique Weapon Boutique.
   953 | D:1      | Found Hacorph's Antique Weapon Shop.
  1137 | D:2      | Found a faded altar of an unknown god.
  1175 | D:2      | Reached XP level 3. HP: 18/23 MP: 3/3
  1680 | D:3      | Noticed an ice beast
  1688 | D:3      | HP: 1/36 [ice beast (11)]
  1690 | D:3      | Slain by an ice beast

Illustrated notes

Levels and vault maps discovered:
D:1:      dpeg_arrival_long_road, layout_basic, serial_shops,
          nicolae_shop_advertising_works [nicolae_subvault_shop_adworks],
          nicolae_shop_crystal, nicolae_diamond_shop
D:2:      layout_rooms, chequers_ecumenical_altar_simple
D:3:      layout_basic, gammafunk_ghost_icy

Skill      XL: |  1  2  3 |
---------------+----------+-----
Armour         | 3 |  3.3
Dodging        | 2 |  2.0
Fighting       | |  3.7
Maces & Flails | |  3.3

Action                   || total
-------------------------++-------
Melee: Mace              ||   100
Invok: Berserk           ||     2
  Use: Scroll            ||     4
Armor: Animal skin       ||    53
Dodge: Dodged            ||    79
